 Dungeon Crawl Stone Soup version 0.19.0-2-gae57169 (webtiles) character file.

129450 Gingerlord the Fighter (level 17, -6/138 HPs)
             Began as a Human Wanderer on Nov 6, 2016.
             Was the Champion of Makhleb.
             Shot with an arrow by a naga sharpshooter (9 damage)
             ... on level 4 of the Snake Pit.
             The game lasted 01:50:51 (30789 turns).

Gingerlord the Fighter (Human Wanderer)            Turns: 30789, Time: 01:50:51

Health: -6/138     AC: 29    Str: 19    XL:     17   Next: 61%
Magic:  26/26      EV: 16    Int: 15    God:    Makhleb [******]
Gold:   243        SH:  5    Dex: 13    Spells: 0 memorised, 16 levels left

rFire  . . .     SeeInvis .     D - +9 bardiche (freeze)
rCold  + + +     Gourm    .     W - +2 ice dragon scales of the New World {*Slow rElec rF- rC++ Str+2}
rNeg   . . .     Faith    .     (shield currently unavailable)
rPois  +         Spirit   .     l - +2 helmet
rElec  +         Reflect  +     I - +1 cloak {+Inv}
rCorr  .         Harm     .     g - +2 pair of gloves
MR     ++...                    w - +0 pair of boots
Stlth  ..........               F - +5 amulet of reflection
                                M - ring of Owass {rPois rF+ rC+ Stlth-}
                                u - ring of protection from magic

@: very slightly contaminated
A: talons 1, thin metallic scales 1
a: Minor Destruction, Lesser Servant of Makhleb, Major Destruction, Greater
Servant of Makhleb, Renounce Religion, Evoke Invisibility


You were on level 4 of the Snake Pit.
You worshipped Makhleb.
Makhleb was exalted by your worship.
You were very hungry.

You visited 5 branches of the dungeon, and saw 28 of its levels.
You visited the Abyss 1 time.
You also visited: Ice Cave and Volcano.

You collected 2704 gold pieces.
You spent 2461 gold pieces at shops.

Inventory:

Hand Weapons
 d - a +2 glaive of flaming
 B - the +8 storm bow {elec}
   (You found it on level 4 of the Dungeon)

   It charges the ammunition it shoots with electricity; occasionally upon a
   hit, such missiles may discharge and cause terrible harm.
 D - a +9 bardiche of freezing (weapon)
Missiles
 C - 365 arrows (quivered)
Armour
 g - a +2 pair of gloves (worn)
 l - a +2 helmet (worn)
 w - a +0 pair of boots (worn)
 I - a +1 cloak of invisibility (worn)
 P - the +0 crystal plate armour of Unyustau {Int+5}
   (You found it on level 1 of the Lair of Beasts)

   It affects your intelligence (+5).
 T - a +3 chain mail of fire resistance
 W - the +2 ice dragon scales of the New World (worn) {*Slow rElec rF- rC++ Str+2}
   (You found it in an ice cave)

   It affects your strength (+2).
   It makes you vulnerable to fire.
   It greatly protects you from cold.
   It insulates you from electricity.
   It may slow you when you take damage.
Jewellery
 h - an uncursed ring of protection from cold
 u - a ring of protection from magic (left hand)
 F - a +5 amulet of reflection (around neck)
 K - an uncursed ring of see invisible
 M - the ring of Owass (right hand) {rPois rF+ rC+ Stlth-}
   (You found it on level 9 of the Dungeon)

   [ring of protection from cold]

   It protects you from fire.
   It protects you from cold.
   It protects you from poison.
   It makes you less stealthy.
 U - an uncursed ring of protection from fire
 X - an uncursed ring of resist corrosion
Wands
 r - a wand of digging (21/24)
 A - a wand of teleportation (6/9)
 R - a wand of digging (18/24)
Scrolls
 e - 8 scrolls of remove curse
 j - 4 scrolls of fog
 k - 5 scrolls of blinking
 n - 3 scrolls of fear
 t - a scroll of summoning
 v - 2 scrolls of recharging
 y - 2 scrolls of silence
 G - 3 scrolls of magic mapping
 L - a scroll of teleportation
 O - 2 scrolls of identify
 V - a scroll of vulnerability
 Y - 8 scrolls of enchant armour
Potions
 a - 3 potions of haste
 b - 2 potions of ambrosia
 c - 5 potions of magic
 i - a potion of heal wounds
 m - 6 potions of curing
 o - 2 potions of resistance
 p - 3 potions of flight
 s - 5 potions of agility
 z - 3 potions of cancellation
 E - 5 potions of invisibility
 N - 2 potions of brilliance
 Q - 2 potions of berserk rage
 S - 3 potions of might
Comestibles
 f - 17 bread rations
 q - 9 slices of pizza
 x - 6 meat rations
 H - 4 beef jerkies
 J - 9 fruits


   Skills:
 + Level 13.6 Fighting
 + Level 12.7 Polearms
 + Level 11.9 Bows
 + Level 12.7 Armour
 + Level 12.8 Dodging
 - Level 1.0 Stealth
   Level 1.0 Shields
 - Level 1.0 Unarmed Combat
 + Level 12.4 Invocations


You had 16 spell levels left.
You didn't know any spells.

Dungeon Overview and Level Annotations

Branches:
Dungeon (15/15)            Temple (1/1) D:5            Lair (6/6) D:10
 Shoals (0/4) Lair:3        Snake (4/4) Lair:3        Slime (0/5) Lair:5
    Orc (2/2) D:9             Elf (0/3) Orc:2        Vaults (0/5) D:14
 Depths (0/5) D:15

Altars:
Ashenzari
Cheibriados
Dithmenos
Elyvilon
Fedhas
Gozag
Hepliaklqana
Kikubaaqudgha
Makhleb
Nemelex Xobeh
Okawaru
Qazlal
Ru
Sif Muna
Trog
Uskayaw
Vehumet
Xom
Yredelemnul
Zin
The Shining One
Jiyva

Shops:
D:4 }}:   D:5 }   D:11 (?   Orc:1 *   Orc:2 }=}(   Snake:3 ?**

Annotations:
Lair:4 Kirke
Snake:4 Vashnia


Innate Abilities, Weirdness & Mutations

You have sharp toenails.
You are partially covered in thin metallic scales. (AC +2)


Message History

The naga sharpshooter wields an uncursed longbow.
The naga sharpshooter casts a spell.
The naga sharpshooter magically shoots an arrow.
The arrow hits you but does no damage.
The naga sharpshooter unwields an uncursed flail.
The naga sharpshooter wields an uncursed shortbow.
The naga sharpshooter casts a spell.
The naga sharpshooter magically shoots an arrow.
The arrow hits you.
* * * LOW HITPOINT WARNING * * *
Okay, then.
As you read the scroll of fear, it crumbles to dust.
You assume a fearsome visage.
The naga sharpshooter looks frightened!
The nagaraja resists with almost no effort.
The naga sharpshooter easily resists.
The naga sharpshooter looks frightened!
The nagaraja gestures at you while chanting.
The orb of energy hits you!
* * * LOW HITPOINT WARNING * * *
The naga sharpshooter shoots an arrow.
The arrow hits you!
You die...

... ... ..... ####
...... ##..# #......
##.}.#####......#
#....##...##...
##..#....@##..
#####..#.....#..#
..........(.##..# N.
###.....##...#...N
##.N..####S.N....N
##(.#### #..N......
##....###.......N..#
##...............(..#
##...ยง........N......#


You could see a nagaraja and 3 naga sharpshooters.

Vanquished Creatures
  Agnes (D:14)
  Louise (Snake:1)
  Nessos (Lair:4)
  Azrael (Snake:1)
  Snorg (Lair:3)
  The ghost of pop123321pop the Fighter, a journeyman MiBe of Trog (Lair:2)
  Fannar (Lair:1)
  A fire dragon (Lair:6)
  4 hydras
  An ice dragon (D:14)
  5 naga warriors
  9 anacondas
  Erica (Lair:1)
  2 centaur warriors (D:13)
  3 orc high priests (Orc:2)
  9 naga sharpshooters
  8 shock serpents
  Nergalle (Lair:2)
  2 fire crabs
  2 salamander mystics
  3 wizards (D:15)
  A deep troll (D:14)
  A naga ritualist (Snake:3)
  7 hill giants
  2 orc knights (Orc:1)
  A lindwurm (Volcano)
  3 mana vipers
  4 orc sorcerers
  11 ugly things
  A necromancer (D:15)
  4 cyclopes
  8 salamanders
  A faun (shapeshifter) (D:14)
  A manticore (D:14)
  3 centaur zombies
  7 naga magi
  3 ice statues (IceCv)
  Joseph (Lair:1)
  3 molten gargoyles (Lair:6)
  Maurice (D:13)
  19 black mambas
  2 guardian serpents
  A smoke demon (Abyss:3)
  11 spiny frogs
  An orange demon (Abyss:3)
  5 centaur skeletons
  10 komodo dragons
  A redback zombie (D:15)
  5 rime drakes
  2 kobold demonologists (D:14)
  5 trolls
  2 polar bears
  A hornet (D:10)
  21 blink frogs
  3 two-headed ogres
  12 dream sheep (Lair:5)
  9 hippogriffs
  A meliai zombie (D:15)
  Sigmund (D:2)
  A starcursed mass (Abyss:3)
  A shadow (D:12)
  9 wyverns
  A yak (shapeshifter) (D:15)
  Eustachio (D:7)
  49 yaks
  3 hungry ghosts
  A human (D:9)
  4 basilisks
  3 fire elementals (Snake:1)
  8 fire bats (Volcano)
  6 hogs (Lair:4)
  A steam dragon (Lair:6)
  23 nagas
  6 vampire mosquitoes
  Edmund (D:4)
  2 wargs (Orc:2)
  2 mottled dragons
  A soldier ant (D:12)
  2 swamp worms (Lair:4)
  8 water moccasins
  8 hell hounds
  5 porcupines
  5 black bears
  7 sky beasts
  46 orc warriors
  2 phantoms
  11 ice beasts
  2 eyes of draining
  7 ogres
  3 boggarts (D:14)
  10 centaurs
  13 crocodiles
  2 big kobolds (D:14)
  A gnoll sergeant (D:10)
  Blork the orc (D:7)
  14 bullfrogs
  4 scorpions
  28 killer bees
  11 wights
  4 howler monkeys
  6 crimson imps
  4 lava snakes (Lair:6)
  A quasit (D:14)
  52 orc priests
  5 hounds
  2 jellies
  5 iguanas
  28 orc wizards
  8 worker ants
  2 killer bee zombies
  A hound zombie (D:8)
  Robin (D:2)
  16 gnolls
  2 howler monkey skeletons
  4 river rats
  15 adders
  4 shadow imps
  An adder skeleton (D:8)
  9 worms
  2 dart slugs (D:1)
  6 leopard geckos
  94 orcs
  4 ball pythons
  4 giant cockroaches
  24 goblins
  8 hobgoblins
  4 jackals (D:5)
  9 kobolds
  4 quokkas
  17 bats
  7 frilled lizards
  2 leopard gecko skeletons (D:4)
  13 rats
914 creatures vanquished.

Vanquished Creatures (collateral kills)
  Rupert (Snake:1)
  3 orc high priests (Orc:2)
  5 orc knights (Orc:2)
  7 orc warriors (Orc:2)
  2 orcs (Orc:2)
18 creatures vanquished.

Vanquished Creatures (others)
  2 naga sharpshooters
  A hell hound (Lair:6)
  9 fungi
  4 plants
16 creatures vanquished.

Grand Total: 948 creatures vanquished

Notes
Turn   | Place    | Note
-------+----------+-------------------------------------------
     0 | D:1      | Gingerlord the Human Wanderer began the quest for the Orb.
     0 | D:1      | Gingerlord set off with: 2 potions of haste, 2 scrolls of teleportation, a +0 robe, a +0 dagger, a bread ration
     0 | D:1      | Reached XP level 1. HP: 21/21 MP: 1/1
     6 | D:1      | Noticed a water moccasin
     7 | D:1      | Noticed a crocodile
     7 | D:1      | Noticed a rime drake
   222 | D:1      | Reached XP level 2. HP: 25/27 MP: 2/2
   614 | D:1      | Reached skill level 1 in Armour
   627 | D:1      | Reached XP level 3. HP: 16/33 MP: 3/3
   629 | D:1      | Reached skill level 1 in Polearms
  1051 | D:2      | Noticed Sigmund
  1088 | D:2      | Killed Sigmund
  1088 | D:2      | Reached XP level 4. HP: 11/40 MP: 4/4
  1088 | D:2      | Reached XP level 5. HP: 13/46 MP: 5/5
  1088 | D:2      | Reached XP level 6. HP: 15/52 MP: 6/6
  1378 | D:2      | Found a shimmering altar of Xom.
  1585 | D:2      | Noticed Robin
  1597 | D:2      | Killed Robin
  1747 | D:2      | Found a stormy altar of Qazlal.
  2057 | D:3      | Found a glowing golden altar of the Shining One.
  2291 | D:4      | Noticed Edmund
  2319 | D:4      | Found Liereof's Gadget Shoppe.
  2332 | D:4      | Killed Edmund
  2332 | D:4      | Reached skill level 6 in Fighting
  2332 | D:4      | Reached XP level 7. HP: 33/58 MP: 7/7
  2691 | D:4      | Found Eseg's Gadget Shop.
  2735 | D:4      | Found a sparkling altar of Nemelex Xobeh.
  2788 | D:4      | Reached XP level 8. HP: 54/65 MP: 8/8
  3045 | D:4      | Found Mismafoc's Book Emporium.
  3238 | D:5      | Entered Level 5 of the Dungeon
  3546 | D:5      | Found an opulent altar of Gozag.
  3805 | D:5      | Found a staircase to the Ecumenical Temple.
  3821 | D:5      | Found Vaokics's Gadget Shop.
  3844 | Temple   | Entered the Ecumenical Temple
  4032 | Temple   | Became a worshipper of Makhleb the Destroyer
  4290 | D:5      | Found a deep blue altar of Sif Muna.
  4535 | D:5      | Reached skill level 1 in Bows
  4681 | D:6      | Found a blossoming altar of Fedhas.
  4688 | D:6      | Reached skill level 5 in Dodging
  4786 | D:6      | Reached skill level 7 in Fighting
  4869 | D:6      | Noticed a yak
  4869 | D:6      | Noticed a yak
  4869 | D:6      | Noticed a yak
  4871 | D:6      | Noticed a yak
  4872 | D:6      | Noticed a yak
  4873 | D:6      | Noticed a yak
  4882 | D:6      | Killed a yak
  4884 | D:6      | Killed a yak
  4884 | D:6      | Reached skill level 5 in Polearms
  4884 | D:6      | Reached XP level 9. HP: 67/72 MP: 9/9
  4886 | D:6      | Reached skill level 5 in Armour
  5364 | D:6      | Reached * piety under Makhleb
  5724 | D:7      | Reached skill level 8 in Fighting
  5736 | D:7      | Noticed Eustachio
  5748 | D:7      | Killed Eustachio
  5748 | D:7      | Reached XP level 10. HP: 62/80 MP: 10/10
  5755 | D:7      | Noticed Blork the orc
  5770 | D:7      | Killed Blork the orc
  6404 | D:8      | Noticed a hill giant
  6410 | D:8      | Killed a hill giant
  6410 | D:8      | Reached skill level 5 in Bows
  6509 | D:8      | Reached ** piety under Makhleb
  6998 | D:8      | Found a hazy altar of Hepliaklqana.
  7035 | D:7      | Reached skill level 9 in Fighting
  7038 | D:7      | Reached XP level 11. HP: 66/89 MP: 11/11
  7453 | D:8      | Found a white marble altar of Elyvilon.
  7724 | D:9      | Got a glittering ivory ring
  7726 | D:9      | Identified the ring of Owass {rPois rF+ rC+ Stlth-} (You found it on level 9 of the Dungeon)
  7792 | D:9      | Found a radiant altar of Vehumet.
  7980 | D:9      | Reached *** piety under Makhleb
  8206 | D:9      | Found a staircase to the Orcish Mines.
  8766 | D:10     | Entered Level 10 of the Dungeon
  8766 | D:10     | Noticed a hill giant
  9404 | D:10     | Killed a hill giant
  9404 | D:10     | Reached skill level 1 in Invocations
  9624 | D:10     | Noticed a hill giant
  9628 | D:10     | Killed a hill giant
  9711 | D:10     | Reached **** piety under Makhleb
 10147 | D:10     | Noticed a hill giant
 10156 | D:10     | Killed a hill giant
 10242 | D:10     | Found a staircase to the Lair.
 10331 | D:10     | Noticed a hill giant
 10334 | D:10     | Killed a hill giant
 10464 | Lair:1   | Entered Level 1 of the Lair of Beasts
 10467 | Lair:1   | Reached XP level 12. HP: 97/97 MP: 15/15
 10595 | Lair:1   | Noticed Erica
 10926 | Lair:1   | Reached skill level 10 in Fighting
 10956 | Lair:1   | Got a bloodstained crystal plate armour
 10967 | Lair:1   | Identified the cursed +0 crystal plate armour of Unyustau {Int+5} (You found it on level 1 of the Lair of Beasts)
 11329 | Lair:1   | Reached skill level 5 in Invocations
 11394 | Lair:1   | Killed Erica
 11615 | Lair:1   | Noticed Joseph
 11621 | Lair:1   | Killed Joseph
 11622 | Lair:1   | Noticed Fannar
 11642 | Lair:1   | Killed Fannar
 11779 | Lair:2   | Found a frozen archway.
 11874 | IceCv    | Entered an ice cave
 12752 | IceCv    | Identified a +0 rod of clouds (10/10) (You found it on level 9 of the Dungeon)
 12874 | IceCv    | Got twisted ice dragon scales
 12885 | IceCv    | Identified the +2 ice dragon scales of the New World {*Slow rElec rF- rC++ Str+2} (You found it in an ice cave)
 12976 | Lair:2   | Noticed pop123321pop's ghost (journeyman MiBe)
 12982 | Lair:2   | Killed pop123321pop's ghost
 13147 | Lair:2   | Reached XP level 13. HP: 104/104 MP: 18/18
 13210 | Lair:2   | Noticed Nergalle
 13217 | Lair:2   | Killed Nergalle
 13654 | Lair:3   | Noticed Snorg
 13661 | Lair:3   | Killed Snorg
 13681 | Lair:3   | Found a dark tunnel.
 13687 | Volcano  | Entered a volcano
 13999 | Lair:3   | Reached ***** piety under Makhleb
 14007 | Lair:3   | Found a staircase to the Shoals.
 14048 | Lair:3   | Noticed an eight-headed hydra
 14111 | Lair:3   | Killed an eight-headed hydra
 14111 | Lair:3   | Reached skill level 11 in Fighting
 14465 | Lair:3   | Noticed a six-headed hydra
 14470 | Lair:3   | Killed a six-headed hydra
 14720 | Lair:3   | Found a staircase to the Snake Pit.
 15146 | Lair:4   | Noticed Nessos
 15154 | Lair:4   | Killed Nessos
 15321 | Lair:4   | Noticed Kirke
 15321 | Lair:4   | Reached skill level 10 in Polearms
 15744 | Lair:4   | Reached XP level 14. HP: 102/113 MP: 20/20
 15749 | Lair:4   | Reached skill level 10 in Dodging
 16140 | Lair:4   | Noticed a sphinx
 16723 | Lair:5   | Reached skill level 10 in Armour
 16833 | Lair:5   | Found a staircase to the Slime Pits.
 16833 | Lair:5   | Found a viscous altar of Jiyva.
 17220 | Lair:5   | You fall through a shaft!
 17220 | Lair:6   | Entered Level 6 of the Lair of Beasts
 18416 | Lair:6   | Reached ****** piety under Makhleb
 18466 | Lair:6   | Found a large runed door.
 18467 | Lair:6   | Found a large runed door.
 18633 | Lair:6   | Reached skill level 12 in Fighting
 19268 | Orc:1    | Entered Level 1 of the Orcish Mines
 19331 | Orc:1    | Reached XP level 15. HP: 81/120 MP: 22/22
 19857 | Orc:1    | Found Ifruodd's General Store.
 19934 | Orc:1    | Reached skill level 10 in Bows
 20017 | Orc:1    | Bought 2 potions of agility for 104 gold pieces
 20017 | Orc:1    | Bought a potion of ambrosia for 104 gold pieces
 20085 | Orc:2    | Entered Level 2 of the Orcish Mines
 20101 | Orc:2    | Reached skill level 10 in Invocations
 20662 | Orc:2    | Found a staircase to the Elven Halls.
 21560 | Orc:2    | Gained mutation: You have sharp toenails. [a neqoxec]
 21978 | Orc:2    | Found Cozxeq's Gadget Shoppe.
 21979 | Orc:2    | Found Izaiplef's Gadget Emporium.
 21979 | Orc:2    | Found Beokha's Jewellery Shoppe.
 21980 | Orc:2    | Found Horeawn's Weapon Shoppe.
 21996 | Orc:2    | Bought an uncursed ring of protection from fire for 300 gold pieces
 21996 | Orc:2    | Bought a +5 amulet of reflection for 300 gold pieces
 22003 | Orc:2    | Gained mutation: You are partially covered in thin metallic scales. (AC +2) [potion of beneficial mutation]
 22320 | D:11     | Found Seud's Magic Scroll Boutique.
 22326 | D:11     | Found Pyapriotesk's Antique Weapon Boutique.
 22328 | D:11     | Bought 3 scrolls of blinking for 247 gold pieces
 22328 | D:11     | Bought a scroll of enchant armour for 82 gold pieces
 22328 | D:11     | Bought a scroll of identify for 22 gold pieces
 22328 | D:11     | Bought a scroll of identify for 22 gold pieces
 22328 | D:11     | Bought a scroll of enchant weapon for 82 gold pieces
 22328 | D:11     | Bought a scroll of enchant armour for 82 gold pieces
 23838 | D:13     | Noticed Maurice
 23847 | D:13     | Killed Maurice
 24360 | D:14     | Noticed Agnes
 24366 | D:14     | Killed Agnes
 24366 | D:14     | Reached XP level 16. HP: 73/129 MP: 24/24
 24724 | D:14     | Found a gate to the Vaults.
 24989 | D:14     | Found a glowing golden altar of the Shining One.
 25072 | D:15     | Entered Level 15 of the Dungeon
 25543 | D:15     | Found a staircase to the Depths.
 25691 | D:15     | Reached skill level 13 in Fighting
 25991 | Snake:1  | Entered Level 1 of the Snake Pit
 26214 | Snake:1  | Noticed Rupert
 26227 | Snake:1  | Killed Rupert
 26667 | Snake:1  | Noticed Louise
 26675 | Snake:1  | Cast into level 3 of the Abyss (Louise)
 26675 | Abyss:3  | Found a corrupted altar of Lugonu.
 26745 | Abyss:3  | Found a corrupted altar of Lugonu.
 26754 | Snake:1  | Escaped the Abyss
 26759 | Snake:1  | Killed Louise
 26788 | Snake:1  | Noticed Azrael
 26813 | Snake:1  | Killed Azrael
 27672 | Snake:2  | Reached XP level 17. HP: 96/137 MP: 10/25
 28205 | Snake:2  | Identified 2 scrolls of acquirement
 30072 | Snake:3  | Found Izodghyf's Magic Scroll Boutique.
 30074 | Snake:3  | Found Keammuigusk's General Store.
 30076 | Snake:3  | Found Ewiuni's Assorted Antiques.
 30080 | Snake:3  | Bought a scroll of brand weapon for 320 gold pieces
 30080 | Snake:3  | Bought a scroll of enchant armour for 120 gold pieces
 30080 | Snake:3  | Bought a scroll of summoning for 152 gold pieces
 30080 | Snake:3  | Bought a scroll of magic mapping for 56 gold pieces
 30094 | Snake:3  | Bought a potion of invisibility for 312 gold pieces
 30094 | Snake:3  | Bought a potion of might for 156 gold pieces
 30735 | Snake:4  | Entered Level 4 of the Snake Pit
 30776 | Snake:4  | Noticed Vashnia
 30789 | Snake:4  | HP: 3/138 [nagaraja/orb of energy (20)]
 30789 | Snake:4  | Shot with an arrow by a naga sharpshooter

Skill      XL: |  1  2  3  4  5  6  7  8  9 10 11 12 13 14 15 16 17 |
---------------+----------------------------------------------------+-----
Armour         | 1 2 3 4 5 7 8 9 10 11 12 | 12.7
Polearms       | 2 3 4 5 6 7 8 9 10 11 12 | 12.7
Dodging        | 3 4 5 6 7 8 9 10 11 12 | 12.8
Fighting       | 6 7 8 9 10 11 12 13 | 13.6
Bows           | 2 4 5 7 8 9 10 11 | 11.9
Invocations    | 4 7 8 9 11 12 | 12.4
Stealth        | |  1.0
Shields        | |  1.0
Unarmed Combat | |  1.0

Action                   |  1- 3 |  4- 6 |  7- 9 | 10-12 | 13-15 | 16-18 || total
-------------------------+-------+-------+-------+-------+-------+-------++-------
Melee: Spear             |    85 |   125 |   201 |   123 |       |       ||   534
       Scimitar          |       |       |       |    24 |       |       ||    24
       Glaive            |       |       |       |       |    11 |     2 ||    13
       Longbow           |       |       |       |       |     3 |       ||     3
       Bardiche          |       |       |       |       |       |     9 ||     9
 Fire: Longbow           |       |       |    48 |   512 |  1272 |   774 ||  2606
Invok: Lesser Servant of |       |       |       |     5 |     2 |       ||     7
       Greater Servant o |       |       |       |       |     3 |     1 ||     4
Evoke: Rod               |       |       |       |     1 |       |       ||     1
       Wand              |       |       |       |       |     2 |     1 ||     3
  Use: Potion            |     1 |       |       |     3 |     5 |     2 ||    11
       Scroll            |       |     6 |     4 |     9 |    19 |    23 ||    61
  Eat: Chunk             |       |     7 |     8 |    19 |    33 |     1 ||    68
       Pizza             |       |       |       |     2 |       |       ||     2
       Bread ration      |       |       |       |     1 |     1 |       ||     2
       Fruit             |       |       |       |       |       |     4 ||     4
       Meat ration       |       |       |       |       |       |     2 ||     2
       Beef jerky        |       |       |       |       |       |     2 ||     2
Armor: Chain mail        |    52 |    66 |   119 |   308 |       |       ||   545
       Ice dragon scales |       |       |       |     9 |   343 |   321 ||   673
       Plate armour      |       |       |       |       |    49 |       ||    49
Dodge: Dodged            |    18 |    39 |    79 |   304 |   526 |   296 ||  1262
Block: Other             |       |       |       |       |    31 |   122 ||   153
       Reflection        |       |       |       |       |     2 |    19 ||    21
       Rpst.: Scimitar   |       |       |       |    10 |       |       ||    10
